 Dungeon Crawl Stone Soup version 0.29-a0-322-g68df515428 (webtiles) character file.

Game seed: 14691511082032453055

72 Armakuni the Slasher (level 4, 0/37 HPs)
             Began as a Human Wanderer on Apr 9, 2022.
             Slain by a gnoll
             ... wielding a +0 halberd
              (9 damage)
             ... on level 2 of the Dungeon.
             The game lasted 00:03:15 (1264 turns).

Armakuni the Slasher (Human Wanderer)               Turns: 1264, Time: 00:03:16

Health: 0/37       AC:  7    Str: 12    XL:     4   Next: 50%
Magic:  0/4        EV:  8    Int: 11    God:
Gold:   48         SH:  0    Dex: 16    Spells: 3/3 levels left

rFire   . . .      SeeInvis .   a - +2 falchion
rCold   . . .      Faith    .   (no shield)
rNeg    . . .      Spirit   +   c - +1 scale mail
rPois   .          Reflect  .   (no helmet)
rElec   .          Harm     .   (no cloak)
rCorr   .          Rampage  .   (no gloves)
Will    .....                   (no boots)
Stlth   +.........              G - amulet of guardian spirit
HPRegen 0.12/turn               (no ring)
MPRegen 0.09/turn               (no ring)

@: no status effects
A: no striking features
a: no special abilities


You were on level 2 of the Dungeon.
You visited 1 branch of the dungeon, and saw 2 of its levels.

You collected 48 gold pieces.

Inventory:

Hand Weapons
 a - a +2 falchion (weapon)
Armour
 c - a +1 scale mail (worn)
Jewellery
 G - an amulet of guardian spirit (around neck)
Scrolls
 b - 3 scrolls of teleportation
 d - 3 scrolls of blinking
 e - 2 scrolls of identify
 f - a scroll of fog
 g - 2 scrolls of silence


   Skills:
 - Level 4.0 Fighting
 - Level 4.0 Long Blades
 + Level 2.0 Armour
 + Level 0.0 Dodging
 - Level 2.0 Stealth
 - Level 1.0 Evocations


You had 3 spell levels left.
You didn't know any spells.
Your spell library was empty.

Dungeon Overview and Level Annotations

Branches:
Dungeon (2/15)

Altars:


Message History

The gnoll shouts!
A dart slug comes into view.
A gnoll comes into view. It is wielding a +0 club.
The gnoll hits you with a +0 halberd.
You closely miss the gnoll. The gnoll hits you with a +0 halberd.
You hit the gnoll.
The gnoll is moderately wounded.
A kobold comes into view. It is wielding a +0 short sword.
The gnoll hits you with a +0 halberd.
You barely miss the gnoll.
The gnoll is moderately wounded.
The kobold shouts!
You hear a shout!
The gnoll barely misses you.
You hear a shout!
You closely miss the gnoll.
The gnoll is moderately wounded.
A gnoll comes into view. It is wielding a +0 spear.
The gnoll closely misses you. The gnoll hits you with a +0 halberd.
You barely miss the gnoll.
The gnoll is moderately wounded.
The gnoll shouts!
The gnoll hits you with a +0 halberd.
You barely miss the gnoll.
The gnoll is moderately wounded.
A hobgoblin comes into view.
The gnoll hits you with a +0 halberd.
You hit the gnoll.
The gnoll is heavily wounded.
The gnoll hits you with a +0 halberd!
* * * LOW HITPOINT WARNING * * *
You hit the gnoll but do no damage.
The gnoll is heavily wounded.
The gnoll completely misses you.
You hit the gnoll.
The gnoll is severely wounded.
The gnoll hits you but does no damage.
You barely miss the gnoll.
The gnoll is severely wounded.
The gnoll hits you with a +0 halberd!
You die...

#.....##..#.....
####..##..#.#... #
#...#..#.#...
#.######.#.#..#.#.#.
#.#...............#.
#....#.###.#..#.#.#.
###..#........#.#.#.
#........#....#.#.
#@############# #g#
#g#


#wK gg. .... .... .....# You could see 3 gnolls, a dart slug, a hobgoblin and a
kobold.

Vanquished Creatures
  3 adders (D:2)
  A dart slug (D:1)
  5 endoplasms (D:1)
  5 goblins
  2 hobgoblins
  5 kobolds (D:1)
  2 quokkas (D:1)
  6 ball pythons
  5 bats (D:1)
  3 frilled lizards (D:1)
  5 rats (D:1)
42 creatures vanquished.

Notes
Turn   | Place    | Note
-------+----------+-------------------------------------------
     0 | D:1      | Armakuni the Human Wanderer began the quest for the Orb.
     0 | D:1      | Armakuni set off with the following items: a +2 falchion, a
                  | scroll of teleportation, a +0 scale mail, a scroll of
                  | blinking
     0 | D:1      | Reached XP level 1. HP: 15/15 MP: 1/1
   309 | D:1      | Reached XP level 2. HP: 22/22 MP: 2/2
   404 | D:1      | Reached XP level 3. HP: 23/28 MP: 3/3
   721 | D:1      | Found a faded altar of an unknown god.
   833 | D:2      | Reached XP level 4. HP: 33/35 MP: 4/4
  1264 | D:2      | Slain by a gnoll

Illustrated notes

Levels and vault maps discovered:
D:1:      minmay_arrival_glassed_features, layout_rooms,
          shapermc_ecumenical_altar_ellora
D:2:      layout_basic, basic_altar, serial_shops, nicolae_shop_waterfront,
          minmay_box_of_dots

Skill      XL: |  1  2  3  4 |
---------------+-------------+-----
Fighting       | 2 3 4 |  4.0
Long Blades    | |  4.0
Armour         | |  2.0
Stealth        | |  2.0
Evocations     | |  1.0

Action                   |  1- 3 |  4- 6 || total
-------------------------+-------+-------++-------
Melee: Falchion          |    78 |    31 ||   109
       Punch             |     1 |       ||     1
  Use: Scroll            |     3 |     2 ||     5
Armor: Scale mail        |    43 |    14 ||    57
Dodge: Dodged            |    34 |    17 ||    51

Table legend: (Time is in decaauts)
 A = Elapsed time spent in this place.
 B = Non-inter-level travel time spent in this place.
 C = Inter-level travel time spent in this place.
 D = Time resting spent in this place.
 E = Time spent auto-exploring this place.
 F = Levels seen in this place.
 G = Mean time per level.
                   A        B        C        D        E       F      G
               +--------+--------+--------+--------+--------+-----+--------+
         Total |   1274 |   1243 |     31 |    229 |    715 |   2 |  637.0 |
       Dungeon |   1274 |   1243 |     31 |    229 |    715 |   2 |  637.0 |
               +--------+--------+--------+--------+--------+-----+--------+

Top non-repeatable levels by time:
     D:1: 795 daAuts
     D:2: 479 daAuts
